 Dungeon Crawl Stone Soup version 0.29-a0-207-gf982a884d8 (webtiles) character file.

Game seed: 10896280560361880255

2138 bande the Cleaver (level 9, 0/55 HPs)
             Began as a Gargoyle Fighter on Feb 23, 2022.
             Killed by nerve-wracking pain
             ... invoked by Sweetruy1997's ghost
              (5 damage)
             ... on level 5 of the Dungeon.
             The game lasted 00:08:51 (5447 turns).

bande the Cleaver (Gargoyle Fighter)                Turns: 5447, Time: 00:08:52

Health: 0/55       AC: 20    Str: 20    XL:     9   Next: 30%
Magic:  9/9        EV:  5    Int: 12    God:
Gold:   257        SH:  7    Dex: 19    Spells: 8/8 levels left

rFire   + . .      SeeInvis .   i - +8 broad axe "Noimosut" {speed, rCorr}
rCold   . . .      Faith    .   c - +1 buckler
rNeg    + . .      Spirit   .   o - +0 plate armour
rPois   ∞          Reflect  .   p - +0 helmet "Liemp" {rF+ Regen+ Int+3}
rElec   +          Harm     .   b - +0 cloak
rCorr   +          Rampage  .   (no gloves)
Will    .....                   (no boots)
Stlth   ..........              (no amulet)
HPRegen 0.98/turn               n - +6 ring of dexterity
MPRegen 0.11/turn               (no ring)

@: mighty
A: sickness immunity, AC +6, negative energy resistance 1, electricity
resistance, torment resistance 1, petrification resistance
a: no special abilities


You were on level 5 of the Dungeon.
You visited 1 branch of the dungeon, and saw 5 of its levels.

You collected 257 gold pieces.

Inventory:

Hand Weapons
 a - a +0 war axe
 i - the +8 broad axe "Noimosut" (weapon) {speed, rCorr}
   (You acquired it on level 2 of the Dungeon)

   Attacks with this weapon are significantly faster.
   rCorr:     It protects you from acid and corrosion.
 l - a +0 flail
 q - a +2 hand axe of flaming
Armour
 b - a +0 cloak (worn)
 c - a +1 buckler (worn)
 o - a +0 plate armour (worn)
 p - the +0 helmet "Liemp" (worn) {rF+ Regen+ Int+3}
   (You found it on level 5 of the Dungeon)

   Int:       It affects your intelligence (+3).
   rF:        It protects you from fire.
   Regen:     It increases your rate of health regeneration.
Jewellery
 n - a +6 ring of dexterity (left hand)
 r - a +4 ring of evasion
Wands
 g - a wand of flame (18)
Scrolls
 j - 3 scrolls of teleportation
Potions
 d - 2 potions of might
 e - a potion of heal wounds {unknown}
 f - 5 potions of haste
 h - 2 potions of curing {unknown}
 k - a potion of magic
 m - a potion of cancellation {unknown}


   Skills:
 + Level 6.2 Fighting
 + Level 8.4 Axes
 + Level 4.7 Armour
 * Level 6.0 Shields
 * Level 2.5 Evocations


You had 8 spell levels left.
You didn't know any spells.
Your spell library contained the following spells:

 Spells                   Type           Power      Damage    Failure   Level
 Portal Projectile        Hex/Tloc       0%         N/A       100%        3
 Blade Hands              Tmut           0%         N/A       100%        5
 Excruciating Wounds      Necr           0%         N/A       100%        5


Dungeon Overview and Level Annotations

Branches:
Dungeon (5/15)
 Temple: D:4-7

Altars:
Ashenzari
Hepliaklqana
Trog
Vehumet
Wu Jian

Annotations:
D:5 1 transporter, Sweetruy1997's ghost, novice GnWn


Innate Abilities, Weirdness & Mutations

You are immune to sickness and miasma.
Your stone body is resilient. (AC +6)
You are immune to poison.
You resist negative energy. (rN+)
You are resistant to electric shocks. (rElec)
You are resistant to unholy torment.
You are immune to petrification.


Message History

Unknown command.
You slash the gnoll sergeant!
The gnoll sergeant is heavily wounded.
You slash the gnoll shaman! You hit the gnoll. You block the gnoll's attack. x2
The gnoll sergeant hits you but does no damage.
Unknown command.
You hit the gnoll sergeant but do no damage.
The gnoll sergeant is heavily wounded.
You closely miss the gnoll. You hit the gnoll shaman.
The gnoll shaman completely misses you. You block the gnoll's attack.
The gnoll hits you but does no damage.
The gnoll sergeant hits you with the +7 spear of Slime {venom, +Blink rElec Str+6 Int+4}!
You slash the gnoll sergeant!
The gnoll sergeant is almost dead.
You closely miss the gnoll. You closely miss the gnoll shaman.
The gnoll shaman calls upon its god to speed up the gnoll sergeant.
The gnoll sergeant seems to speed up.
The gnoll hits you from afar with a +1 halberd of pain!
Unknown command.
You feel very mighty all of a sudden.
The gnoll sergeant hits you with the +7 spear of Slime {venom, +Blink rElec Str+6 Int+4}.
The gnoll hits you with a +0 whip.
* * * LOW HITPOINT WARNING * * *
The gnoll shaman calls upon its god to speed up the gnoll.
The gnoll seems to speed up.
The gnoll closely misses you.
The gnoll sergeant hits you but does no damage.
You slash the gnoll shaman!
You kill the gnoll shaman!
You barely miss the gnoll sergeant. You slash the gnoll!
You kill the gnoll!
The gnoll sergeant barely misses you.
The gnoll hits you from afar with a +1 halberd of pain!
* * * LOW HITPOINT WARNING * * *
Your Shields skill increases to level 6!
You slice the gnoll sergeant!!
You kill the gnoll sergeant!
You closely miss Sweetruy1997's ghost. The gnoll hits you but does no damage.
Sweetruy1997's ghost points at you and mumbles some strange words.
Pain shoots through your body!
You die...

#..≈≈#.......g...#≈≈.......##
#..≈≈###.##'##.###≈≈.........
#..≈≈..#.#...#.#..≈≈.......##
#..≈≈.##.#...#.##.≈≈.#####...
#..≈≈.#g.#.:.#..#.≈≈.# #...
#..≈≈.##.#####.##.≈≈.# ##..
#..≈≈..#.#8⌠8#.#.....######..
#..≈≈.©#.'.©.).#©........##..
#..≈≈..#.#.)@#.#.........##..
#..≈≈.##.##W##.##.≈≈.....##..
#..≈≈.#g.#g..#.©#.≈≈.....###.
#..≈≈.##.'...'g##.≈≈.........
#..≈≈..#.#...#.#..≈≈.........
##.≈≈###.##'##.###≈≈.........
#.≈≈#...........#≈≈.........
#.≈≈#8.###.###.8#≈≈.##.....#
#.≈≈#..#8###8#g.#≈≈........#


You could see Sweetruy1997's ghost and a gnoll (fast).

Vanquished Creatures
  Grinder (D:3)
  6 yaks (D:5)
  An ogre (D:5)
  2 phantoms
  A gnoll sergeant (D:5)
  2 scorpions (D:5)
  A wyvern zombie (D:5)
  A water moccasin skeleton (D:5)
  A jelly (D:3)
  2 bullfrog skeletons (D:5)
  2 hounds (D:5)
  Crazy Yiuf (D:3)
  An orc priest (D:3)
  2 gnoll shamans
  Jessica (D:3)
  An orc wizard (D:3)
  A hound skeleton (D:4)
  6 gnolls
  7 adders
  6 river rats (D:5)
  A white imp (D:5)
  2 adder skeletons (D:4)
  2 dart slugs
  10 orcs
  6 ball pythons
  6 endoplasms
  3 giant cockroaches
  5 goblins
  8 hobgoblins
  5 jackals (D:3)
  9 kobolds
  5 quokkas
  7 bats
  4 frilled lizards
  22 rats
141 creatures vanquished.

Vanquished Creatures (others)
  A gnoll (D:5)
  6 plants (D:5)
7 creatures vanquished.

Grand Total: 148 creatures vanquished

Notes
Turn   | Place    | Note
-------+----------+-------------------------------------------
     0 | D:1      | bande the Gargoyle Fighter began the quest for the Orb.
     0 | D:1      | Reached XP level 1. HP: 14/14 MP: 1/1
   511 | D:1      | Reached XP level 2. HP: 19/19 MP: 2/2
   544 | D:1      | Reached skill level 2 in Axes
   724 | D:1      | Found a faded altar of an unknown god.
  1283 | D:2      | Identified a scroll of acquirement
  1283 | D:2      | Acquired the +8 broad axe "Noimosut" {speed, rCorr}
  1357 | D:2      | Reached XP level 3. HP: 24/24 MP: 3/3
  1513 | D:2      | Reached XP level 4. HP: 28/29 MP: 4/4
  2081 | D:3      | Reached skill level 3 in Axes
  2134 | D:3      | Reached XP level 5. HP: 4/33 MP: 5/5
  2602 | D:3      | Noticed Grinder
  2622 | D:3      | Paralysed by something for 5 turns
  2637 | D:3      | Paralysed by Grinder for 7 turns
  2647 | D:3      | Killed Grinder
  2648 | D:3      | Reached skill level 4 in Axes
  2648 | D:3      | Reached XP level 6. HP: 29/39 MP: 6/6
  2898 | D:3      | Reached skill level 5 in Axes
  3023 | D:3      | Found a runed translucent door.
  3023 | D:3      | Noticed Jessica
  3023 | D:3      | Noticed Crazy Yiuf
  3296 | D:3      | Killed Crazy Yiuf
  3301 | D:3      | Killed Jessica
  3489 | D:4      | Found a bloodstained altar of Trog.
  3500 | D:3      | Reached XP level 7. HP: 34/44 MP: 7/7
  3680 | D:3      | Reached skill level 5 in Fighting
  3964 | D:4      | Found a broken altar of Ashenzari.
  4271 | D:4      | Found an ornate altar of the Wu Jian Council.
  4358 | D:5      | Entered Level 5 of the Dungeon
  4391 | D:5      | Identified the +7 spear of Slime {venom, +Blink rElec Str+6
                  | Int+4}
  4391 | D:5      | Identified the +2 buckler of Freedom {Contam Str+5 Stlth+}
  4466 | D:5      | Found a hazy altar of Hepliaklqana.
  4500 | D:5      | Reached skill level 6 in Axes
  4509 | D:5      | Found a radiant altar of Vehumet.
  4521 | D:5      | Reached XP level 8. HP: 37/49 MP: 8/8
  4893 | D:5      | Found a transporter.
  4893 | D:5      | Found a transporter.
  4903 | D:5      | Identified the ring "Suugak" {Ice Str-5 Dex+3 SInv Stlth+}
  5012 | D:5      | Identified the +0 helmet "Liemp" {rF+ Regen+ Int+3}
  5050 | D:5      | Reached skill level 5 in Shields
  5185 | D:5      | Noticed a yak
  5186 | D:5      | Noticed a yak
  5188 | D:5      | Noticed a yak
  5190 | D:5      | Noticed a yak
  5193 | D:5      | Killed a yak
  5194 | D:5      | Reached skill level 7 in Axes
  5194 | D:5      | Reached skill level 1 in Evocations
  5199 | D:5      | Killed a yak
  5201 | D:5      | Noticed a yak
  5203 | D:5      | Killed a yak
  5204 | D:5      | Noticed a yak
  5205 | D:5      | Killed a yak
  5206 | D:5      | Reached skill level 8 in Axes
  5206 | D:5      | Reached XP level 9. HP: 55/55 MP: 9/9
  5294 | D:5      | Noticed Sweetruy1997's ghost (novice GnWn)
  5447 | D:5      | Killed from afar by Sweetruy1997's ghost

Illustrated notes

Levels and vault maps discovered:
D:1:      sevenhm_arrival_forest_fort_small_6, layout_basic,
          hellmonk_ecumenical_altar_heavens_door, serial_corexii_hall,
          corexii_hall_statues_i, chequers_hall_statues_y,
          corexii_hall_statues_s, minmay_surrounded
D:2:      layout_basic, minmay_hexomino_c4
D:3:      layout_loops_ring, amethyst_killhole, uniq_crazy_yiuf_cottage,
          uniq_grinder, uniq_jessica
D:4:      layout_basic, mainiacjoe_overflow_cross_hatched,
          nzn_wu_jian_contemplation, evilmike_ruin_ashenzari
D:5:      lemuel_ratsnest, layout_basic, kennysheep_little_box,
          vehumet_crystals, gammafunk_ghost_gnarly_gnolls

Skill      XL: |  1  2  3  4  5  6  7  8  9 |
---------------+----------------------------+-----
Axes           | 2 3 4 5 6 8 |  8.4
Fighting       | 4 5 6 |  6.2
Armour         | 4 |  4.7
Shields        | 4 5 6 |  6.0
Evocations     | 2 |  2.5

Action                   |  1- 3 |  4- 6 |  7- 9 || total
-------------------------+-------+-------+-------++-------
Melee: War axe           |    40 |       |       ||    40
       Broad axe         |    39 |    77 |   167 ||   283
  Use: Scroll            |     3 |     3 |     4 ||    10
       Potion            |       |       |     1 ||     1
Armor: Scale mail        |    53 |     8 |       ||    61
       Plate armour      |       |    42 |    77 ||   119
Dodge: Dodged            |    35 |    16 |    25 ||    76
Block: Buckler           |    22 |    11 |    41 ||    74

Table legend: (Time is in decaauts)
 A = Elapsed time spent in this place.
 B = Non-inter-level travel time spent in this place.
 C = Inter-level travel time spent in this place.
 D = Time resting spent in this place.
 E = Time spent auto-exploring this place.
 F = Levels seen in this place.
 G = Mean time per level.
                   A        B        C        D        E       F      G
               +--------+--------+--------+--------+--------+-----+--------+
         Total |   5449 |   5315 |    134 |   1069 |   3352 |   5 | 1089.8 |
       Dungeon |   5449 |   5315 |    134 |   1069 |   3352 |   5 | 1089.8 |
               +--------+--------+--------+--------+--------+-----+--------+

Top non-repeatable levels by time:
     D:3: 1688 daAuts
     D:1: 1299 daAuts
     D:5: 1075 daAuts
     D:2: 702 daAuts
     D:4: 683 daAuts
